 Dungeon Crawl Stone Soup version 0.28.0-45-g0d030f2227 (webtiles) character file.

Game seed: 7292446887419394398

188698 safid the Apostle (level 18, -8/170 HPs)
             Began as a Hill Orc Fighter on Apr 18, 2022.
             Was a High Priest of Beogh.
             Mangled by a spark wasp (12 damage)
             ... on level 2 of the Spider Nest on Apr 22, 2022.
             The game lasted 01:37:59 (33172 turns).

safid the Apostle (Hill Orc Fighter)               Turns: 33172, Time: 01:38:01

Health: -8/170     AC: 24    Str: 34      XL:     18   Next: 10%
Magic:  1/34       EV:  9    Int:  1 (4)  God:    Beogh [*****.]
Gold:   1644       SH:  5    Dex: 16 (17) Spells: 17/17 levels left

rFire   . . .      SeeInvis .   E - +4 broad axe (freeze)
rCold   . . .      Faith    .   c - +0 buckler
rNeg    + . .      Spirit   .   O - +1 plate armour of Wu Jian's Displeasure {rN+ Regen+}
rPois   +          Reflect  .   k - +2 helmet of Vuc Tac {Str+7 Int-4 Dex+4}
rElec   .          Harm     .   L - +2 cloak
rCorr   .          Rampage  .   N - +2 pair of gloves {Dex+3}
Will    ++...                   R - +2 pair of boots
Stlth   ..........              J - amulet of regeneration
HPRegen 1.98/turn               X - ring of poison resistance
MPRegen 0.24/turn               Z - ring of willpower

@: corroded, invisible
A: walk on water
}: 1/15 runes: decaying
a: Renounce Religion, Smiting, Recall Orcish Followers, Give Item to Named
Follower


You were on level 2 of the Spider Nest.
You worshipped Beogh.
Beogh was extremely pleased with you.
You visited 6 branches of the dungeon, and saw 31 of its levels.
You also visited: Ice Cave.

You collected 2967 gold pieces.
You spent 1323 gold pieces at shops.

Inventory:

Hand Weapons
 E - a +4 broad axe of freezing (weapon)
 T - the +7 dagger "Funtil" {freeze, Fly SInv}
   (You found it on level 13 of the Dungeon)

   It freezes those it strikes, dealing additional cold damage.
   It can also slow down cold-blooded creatures.
   SInv:      It lets you see invisible.
   Fly:       It grants you flight.
Missiles
 h - 17 javelins (quivered)
 i - 22 curare-tipped darts
 M - 8 silver boomerangs
 Y - a throwing net
Armour
 c - a +0 buckler (worn)
 k - the +2 helmet of Vuc Tac (worn) {Str+7 Int-4 Dex+4}
   (You bought it in a shop on level 5 of the Dungeon)

   Str:       It affects your strength (+7).
   Int:       It affects your intelligence (-4).
   Dex:       It affects your dexterity (+4).
 L - a +2 cloak (worn)
 N - a +2 pair of gloves of dexterity (worn)
 O - the +1 plate armour of Wu Jian's Displeasure (worn) {rN+ Regen+}
   (You bought it in a shop on level 5 of the Dungeon)

   rN:        It protects you from negative energy.
   Regen:     It increases your rate of health regeneration.
 R - a +2 pair of boots (worn)
Jewellery
 a - a ring of positive energy
 j - a ring of resist corrosion
 q - a ring of see invisible
 v - a ring of flight
 z - a ring of fire
 J - an amulet of regeneration (around neck)
 K - a ring of ice
 X - a ring of poison resistance (left hand)
 Z - a ring of willpower (right hand)
Wands
 o - a wand of polymorph (13)
 r - a wand of mindburst (9)
 w - a wand of charming (10)
 x - a wand of paralysis (39)
 H - a wand of digging (4)
 I - a wand of flame (91)
 Q - a wand of iceblast (16)
 S - a wand of acid (3)
Scrolls
 e - 3 scrolls of silence
 n - 6 scrolls of fog
 t - 5 scrolls of magic mapping
 y - 14 scrolls of teleportation
 B - 2 scrolls of holy word
 C - a scroll of summoning
 D - a scroll of amnesia
 F - 2 scrolls of fear
 G - 4 scrolls of blinking
Potions
 b - a potion of resistance
 d - 2 potions of might
 f - 2 potions of curing
 g - 4 potions of berserk rage
 l - 2 potions of mutation
 m - a potion of cancellation
 p - a potion of invisibility
 u - 7 potions of flight
 A - 2 potions of lignification
 V - 2 potions of haste
 W - 2 potions of heal wounds
Miscellaneous
 P - a phantom mirror
 U - a condenser vane


   Skills:
 + Level 17.3 Fighting
 - Level 18.0 Axes
 + Level 15.2 Armour
 - Level 2.0 Dodging
 - Level 4.0 Shields
 + Level 24.2 Invocations
 + Level 10.0 Evocations


You had 17 spell levels left.
You didn't know any spells.
Your spell library contained the following spells:

 Spells                   Type           Power      Damage    Failure   Level
 Beastly Appendage        Tmut           0%         N/A       99%         1
 Magic Dart               Conj           0%         1d3       99%         1
 Sandblast                Erth           0%         2d4       99%         1
 Sting                    Tmut/Pois      0%         1d3       99%         1
 Call Imp                 Summ           0%         N/A       99%         2
 Corpse Rot               Necr/Air       0%         N/A       99%         2
 Ensorcelled Hibernation  Hex/Ice        0%         N/A       99%         2
 Passwall                 Tmut/Erth      0%         N/A       99%         2
 Poisonous Vapours        Pois/Air       0%         N/A       99%         2
 Searing Ray              Conj           0%         2d4       99%         2
 Sublimation of Blood     Necr           0%         N/A       99%         2
 Wereblood                Tmut           0%         N/A       99%         2
 Dazzling Flash           Conj/Hex       0%         N/A       100%        3
 Frozen Ramparts          Ice            0%         1d2       100%        3
 Ignite Poison            Fire/Tmut/Pois 0%         N/A       100%        3
 Lesser Beckoning         Tloc           0%         N/A       100%        3
 Mephitic Cloud           Conj/Pois/Air  0%         N/A       100%        3
 Spider Form              Tmut/Pois      0%         N/A       100%        3
 Stone Arrow              Conj/Erth      0%         3d7       100%        3
 Cause Fear               Hex            0%         N/A       100%        4
 Dispel Undead            Necr           0%         3d6       100%        4
 Fulminant Prism          Conj/Hex       0%         3d6       100%        4
 Ice Form                 Ice/Tmut       0%         N/A       100%        4
 Iskenderun's Mystic Bla  Conj/Tloc      0%         2d3       100%        4
 Leda's Liquefaction      Hex/Erth       0%         N/A       100%        4
 Olgreb's Toxic Radiance  Pois           0%         N/A       100%        4
 Petrify                  Tmut/Erth      0%         N/A       100%        4
 Summon Ice Beast         Ice/Summ       0%         N/A       100%        4
 Agony                    Necr           0%         N/A       100%        5
 Freezing Cloud           Conj/Ice/Air   0%         6-21      100%        5
 Irradiate                Conj/Tmut      0%         3d13      100%        5
 Lee's Rapid Deconstruct  Erth           0%         3d5*      100%        5
 Silence                  Hex/Air        0%         N/A       100%        5
 Summon Mana Viper        Hex/Summ       0%         N/A       100%        5
 Death Channel            Necr           0%         N/A       100%        6
 Statue Form              Tmut/Erth      0%         N/A       100%        6
 Dragon Form              Tmut           0%         N/A       100%        7
 Dragon's Call            Summ           0%         N/A       100%        9


Dungeon Overview and Level Annotations

Branches:
Dungeon (15/15)            Temple (0/1) D:7            Lair (5/6) D:8
  Swamp (4/4) Lair:2       Spider (2/4) Lair:4        Slime (0/5) Lair:5
    Orc (2/2) D:12            Elf (3/3) Orc:2        Vaults (0/5) D:14
 Depths (0/4) D:15          IceCv (visited)

Altars:
Cheibriados
Dithmenos
Gozag
Trog
Yredelemnul
Zin
Jiyva

Shops:
D:1 [   D:5 ?[?[[   D:6 !   D:7 (   D:11 [![   Orc:2 (=[*   Elf:2 *

Annotations:
D:6 1 runed translucent door, Crazy Yiuf
D:8 2 transporters, WaxSun's ghost, novice OgFE
D:12 2 transporters, Afrar's ghost, journeyman FoFi


Message History

Rocco hits the entropy weaver with a +2 great sword!
The entropy weaver dies!
Beogh accepts your kill.
Rocco looks more experienced.
The spark wasp stings you!
* * * LOW HITPOINT WARNING * * *
The spark wasp shocks you!
* * * LOW HITPOINT WARNING * * *
Something hits you!
* * * LOW HITPOINT WARNING * * *
You feel dopey. Something hits you but does no damage.
Something stings you but does no damage.
You don't have enough magic at the moment.
Okay, then.
Blink to where?
Press: ? - help, Dir - move target
As you read the scroll of blinking, it crumbles to dust.
The spark wasp bursts into living lightning!
The living lightning hits you!
* * * LOW HITPOINT WARNING * * *
The spark wasp blinks! x2; Something barely misses the redback.
You block the spark wasp's attack.
You don't have enough magic at the moment.
Okay, then.
Welcome back, safid the Hill Orc Fighter.
Beogh says: Drown the unbelievers in a sea of blood!
Press ? for a list of commands and other information.
Okay, then.
Okay, then.
Press: ? - help, . - travel You can't see that place. [a rock wall.] Unknown command.
You fade into invisibility!
The spark wasp stings you but does no damage.
The spark wasp stings you!
* * * LOW HITPOINT WARNING * * *
The spark wasp shocks you!
You die...

.# # .## #. .. .#
#. ##.# ##.###..
####...##.#
#.......#.# ###..
##......@.####...#
##......y##†...#
#........####..#
##.......## #..#
#.....s..## ##†#
##.........# #.#
#.........## #.##
...#..††o...##
##.# #####
#...........# #.#
#....


You could see a spark wasp (ally target), a redback and the friendly Rocco the
orc warlord.

Vanquished Creatures
  Mlioglotl (Swamp:2)
  Jorgrun (D:13)
  2 thorn hunters (Swamp:4)
  A fenstrider witch (Swamp:3)
  Aizul (Elf:1)
  Louise (Swamp:1)
  A broodmother (Spider:1)
  A deep elf elementalist (Elf:3)
  A reaper (IceCv)
  5 bunyips
  Azrael (Orc:2)
  An ettin (Orc:2)
  Josephine (Orc:2)
  A shambling mangrove (Swamp:3)
  A fire dragon (Swamp:4)
  A deep elf high priest (Elf:1)
  4 boulder beetles
  10 hydras
  A catoblepas (Lair:3)
  2 centaur warriors (D:15)
  3 two-headed ogres
  13 dancing weapons
  A tengu warrior (D:15)
  2 orc high priests
  Sonja (Lair:5)
  3 alligators
  8 deep elf knights
  3 spriggans
  2 fire crabs (Swamp:4)
  2 skeletal warriors
  7 goliath frogs
  A pharaoh ant (Lair:4)
  2 orb spiders (Spider:1)
  8 bog bodies
  9 deep elf archers
  4 swamp dragons
  A lindwurm (Swamp:4)
  An orc knight (D:15)
  A wizard (D:12)
  12 deep elf zephyrmancers
  6 cyclopes
  2 orc sorcerers (Orc:2)
  15 deep elf pyromancers
  7 wolf spiders
  13 ugly things
  A will-o-the-wisp (Swamp:3)
  2 black mambas
  12 cane toads
  A cane toad (shapeshifter) (Elf:1)
  5 gargoyles
  A rime drake (Lair:4)
  2 kobold demonologists (D:12)
  A demonic crawler (Spider:1)
  2 freezing wraiths
  6 komodo dragons
  7 ice devils
  A tengu conjurer (D:15)
  A queen bee (shapeshifter) (D:15)
  6 trolls
  5 meliai (D:15)
  7 tarantellas
  Grinder (D:3)
  3 tyrant leeches
  2 hornets
  2 polar bears (Lair:5)
  10 blink frogs
  4 slime creatures (D:15)
  An air elemental (Elf:3)
  A dire elephant simulacrum (IceCv)
  Sigmund (D:6)
  2 spriggans (shapeshifter)
  2 shadows
  4 culicivoras
  9 jumping spiders (Spider:1)
  69 yaks
  7 wraiths
  A vampire (D:11)
  4 wyverns
  A fire elemental (Orc:2)
  A hog (Swamp:2)
  3 steam dragons
  A water elemental (D:15)
  8 basilisks
  A death yak simulacrum (IceCv)
  19 vampire mosquitoes
  9 redbacks
  Menkaure (D:4)
  A warg (Orc:1)
  Edmund (D:6)
  2 acid dragons
  A hell hound (Orc:2)
  11 swamp worms
  12 water moccasins
  9 swamp drakes
  13 orc warriors
  An ice beast (D:5)
  2 hornet zombies (D:8)
  A meliai simulacrum (D:15)
  18 wolves
  4 boggarts (D:14)
  22 centaurs
  8 ogres
  A phantom (D:6)
  2 kobold brigands
  9 bullfrogs
  2 water moccasin zombies
  4 earth elementals
  A two-headed ogre simulacrum (IceCv)
  A wyvern skeleton (D:7)
  A jelly (D:4)
  2 elephant simulacra (IceCv)
  10 killer bees
  4 electric eels
  3 lava snakes (Swamp:4)
  2 centaur zombies (D:9)
  A bullfrog zombie (D:6)
  2 gnoll shamans
  2 orc priests
  2 hounds
  4 iguanas
  A scorpion zombie (D:5)
  Natasha (thrice) (D:3)
  10 orc wizards
  3 spriggan simulacra (IceCv)
  2 polar bear simulacra (IceCv)
  A wolf simulacrum (IceCv)
  A howler monkey zombie (D:10)
  8 gnolls
  A howler monkey skeleton (D:7)
  5 naga simulacra (IceCv)
  5 adders
  A shadow imp (D:5)
  3 white imps
  3 ufetubi
  An adder skeleton (D:5)
  2 worms
  28 orcs
  8 ball pythons
  8 bats
  5 endoplasms
  3 giant cockroaches
  6 goblins
  5 hobgoblins
  3 jackals (D:3)
  2 quokkas
  4 frilled lizards
  15 kobolds
  5 rats
693 creatures vanquished.

Vanquished Creatures (collateral kills)
  Rupert (Orc:2)
  A deep elf blademaster (Elf:2)
  Kirke (Swamp:2)
  A deep elf sorcerer (Elf:3)
  An orc warlord (Orc:2)
  2 entropy weavers
  2 eleionomae
  A bunyip (Swamp:4)
  Erolcha (Orc:2)
  2 fire dragons (Swamp:4)
  A great orb of eyes (D:15)
  6 hydras
  A rakshasa (D:15)
  A ghost crab (Swamp:3)
  2 centaur warriors
  4 alligators
  A boulder beetle (Spider:1)
  A jorogumo (Spider:2)
  14 dancing weapons
  3 orc high priests (Orc:2)
  2 deep elf knights (Elf:2)
  5 spriggans
  A pharaoh ant (Spider:1)
  A goliath frog (Swamp:2)
  2 orb spiders (Spider:1)
  A spriggan druid (Swamp:4)
  4 swamp dragons
  6 bog bodies
  2 deep elf archers (Elf:1)
  4 orc knights
  6 deep elf pyromancers
  6 deep elf zephyrmancers
  A wolf spider (Spider:1)
  2 will-o-the-wisps
  A cyclops (D:13)
  A demonic crawler (Spider:1)
  2 tengu conjurers (D:15)
  A troll (Orc:1)
  A meliai (D:15)
  2 tyrant leeches
  3 hornets
  A tarantella (Lair:4)
  A culicivora (shapeshifter) (D:13)
  2 air elementals
  7 jumping spiders
  2 culicivoras
  A spriggan (shapeshifter) (D:14)
  3 fire elementals
  2 hogs (Swamp:2)
  4 vampire mosquitoes
  A basilisk (D:13)
  A water elemental (D:15)
  3 redbacks (Spider:1)
  A steam dragon (Swamp:4)
  2 swamp worms (Swamp:2)
  A warg (Orc:1)
  2 hell hounds (Orc:2)
  2 swamp drakes
  10 orc warriors (Orc:2)
  A boggart (D:14)
  4 ogres
  2 earth elementals
  5 orc priests
  3 orc wizards (Orc:2)
  A gnoll (Orc:1)
  5 orcs
168 creatures vanquished.

Vanquished Creatures (others)
  An orc warlord (Elf:2)
  2 orc high priests
  A dancing weapon (Elf:2)
  A deep elf knight (Elf:2)
  4 orc knights
  A deep elf zephyrmancer (Elf:1)
  3 orc sorcerers
  A jumping spider (Spider:1)
  A steam dragon (Swamp:4)
  11 orc warriors
  2 swamp drakes (Swamp:4)
  A bullfrog (D:6)
  3 orc wizards (Orc:2)
  6 orc priests
  28 orcs
  13 foxfires
  9 fungi
  15 plants
103 creatures vanquished.

Grand Total: 964 creatures vanquished

Notes
Turn   | Place    | Note
-------+----------+-------------------------------------------
     0 | D:1      | safid the Hill Orc Fighter began the quest for the Orb.
     0 | D:1      | Reached XP level 1. HP: 19/19 MP: 1/1
   148 | D:1      | Reached XP level 2. HP: 26/27 MP: 2/2
   228 | D:1      | Found a faded altar of an unknown god.
   428 | D:1      | Found Wyuggyow's Antique Armour Boutique.
   849 | D:2      | Reached XP level 3. HP: 33/33 MP: 3/3
  1622 | D:3      | Reached XP level 4. HP: 40/40 MP: 4/4
  1826 | D:3      | Noticed Grinder
  1860 | D:3      | Paralysed by Grinder for 7 turns
  1867 | D:3      | HP: 2/40 [Grinder/nerve-wracking pain (14)]
  1884 | D:3      | Killed Grinder
  1885 | D:3      | Reached XP level 5. HP: 9/46 MP: 5/5
  1885 | D:3      | Reached XP level 6. HP: 10/52 MP: 6/6
  2138 | D:3      | Identified the +11 long sword of Oheu {vorpal, rC+ Int+2}
  2148 | D:3      | Noticed Natasha
  2152 | D:3      | Killed Natasha
  2331 | D:3      | Noticed Natasha
  2341 | D:3      | Killed Natasha
  2764 | D:4      | Noticed a yak
  2765 | D:4      | Noticed a yak
  2766 | D:4      | Noticed a yak
  2767 | D:4      | Noticed a yak
  3125 | D:3      | Noticed Natasha
  3130 | D:3      | Killed Natasha
  3131 | D:3      | Reached XP level 7. HP: 59/59 MP: 7/7
  3186 | D:4      | Noticed Menkaure
  3193 | D:4      | Killed Menkaure
  3441 | D:4      | Killed a yak
  3442 | D:4      | Reached skill level 10 in Axes
  3446 | D:4      | Killed a yak
  3447 | D:4      | Reached XP level 8. HP: 22/66 MP: 8/8
  3479 | D:3      | Killed a yak
  3772 | D:4      | Killed a yak
  4324 | D:5      | Entered Level 5 of the Dungeon
  4344 | D:5      | Found Qooreas's Magic Scroll Boutique.
  4352 | D:5      | Bought a scroll of amnesia for 45 gold pieces
  4352 | D:5      | Bought a scroll of teleportation for 39 gold pieces
  4352 | D:5      | Bought a scroll of identify for 26 gold pieces
  4352 | D:5      | Bought a scroll of fog for 26 gold pieces
  4400 | D:5      | Noticed a wraith
  4413 | D:5      | Killed a wraith
  4589 | D:5      | Found Quses's Antique Armour Boutique.
  4590 | D:5      | Found Tacviag's Magic Scroll Emporium.
  4602 | D:5      | Bought a scroll of noise for 14 gold pieces
  4633 | D:5      | Found Antogeh's Armour Shop.
  4633 | D:5      | Found Pynwolol's Armour Shoppe.
  4996 | D:5      | Reached XP level 9. HP: 64/71 MP: 9/9
  5281 | D:6      | Noticed Edmund
  5291 | D:6      | Killed Edmund
  5750 | D:6      | Found a basalt altar of Yredelemnul.
  5783 | D:6      | Reached skill level 15 in Axes
  5977 | D:6      | Found a runed translucent door.
  5978 | D:6      | Noticed Crazy Yiuf
  6095 | D:6      | Noticed Sigmund
  6105 | D:6      | Killed Sigmund
  6159 | D:6      | Became a worshipper of Beogh the Brigand
  6181 | D:6      | You fall into a shaft and drop 3 floors!
  6455 | D:9      | Found a snail-covered altar of Cheibriados.
  6726 | D:8      | Reached skill level 1 in Dodging
  6798 | D:8      | Noticed a moth of wrath
  6945 | D:6      | Found Giytzeel's Distillery.
  6953 | D:6      | Bought a potion of heal wounds for 55 gold pieces
  7403 | D:7      | Reached skill level 5 in Fighting
  7485 | D:7      | Reached skill level 5 in Armour
  7485 | D:7      | Reached XP level 10. HP: 60/81 MP: 10/10
  7495 | D:7      | Reached * piety under Beogh
  8074 | D:7      | Found a staircase to the Ecumenical Temple.
  8236 | D:7      | Found Wohung's Weapon Shoppe.
  8671 | D:8      | Found a bloodstained altar of Trog.
  8671 | D:8      | Noticed WaxSun's ghost (novice OgFE)
  8910 | D:8      | Noticed a two-headed ogre
  8914 | D:8      | Killed a two-headed ogre
  9160 | D:8      | Found a staircase to the Lair.
  9249 | D:8      | Found a transporter.
  9255 | D:8      | Found a transporter.
  9318 | D:8      | Reached XP level 11. HP: 63/97 MP: 11/11
  9629 | D:9      | Reached ** piety under Beogh
  9900 | D:9      | Noticed a cyclops
  9921 | D:9      | Killed a cyclops
  9922 | D:9      | Reached skill level 10 in Fighting
 10246 | D:10     | Entered Level 10 of the Dungeon
 10469 | D:10     | Reached skill level 10 in Armour
 10572 | D:10     | Noticed a deep elf pyromancer
 10583 | D:10     | Killed a deep elf pyromancer
 10739 | D:5      | Bought the +1 plate armour of Wu Jian's Displeasure {rN+
                  | Regen+} for 392 gold pieces
 11154 | D:10     | Noticed a two-headed ogre
 11164 | D:10     | Killed a two-headed ogre
 11410 | Lair:1   | Entered Level 1 of the Lair of Beasts
 11429 | Lair:1   | Found a frozen archway.
 11468 | IceCv    | Entered an ice cave
 11501 | IceCv    | Reached XP level 12. HP: 97/112 MP: 12/12
 11658 | IceCv    | Noticed a reaper
 11661 | IceCv    | Reached *** piety under Beogh
 11677 | IceCv    | Killed a reaper
 11678 | IceCv    | Reached skill level 2 in Invocations
 11780 | IceCv    | Reached skill level 3 in Invocations
 11922 | IceCv    | Reached skill level 4 in Invocations
 12317 | Lair:1   | Reached skill level 5 in Invocations
 12408 | Lair:1   | Reached skill level 6 in Invocations
 12518 | Lair:1   | Reached skill level 7 in Invocations
 12725 | Lair:1   | Reached **** piety under Beogh
 12732 | Lair:1   | Got the Grimoire of Enthralling Translocation
 13060 | Lair:2   | Reached skill level 8 in Invocations
 13468 | Lair:2   | Reached skill level 9 in Invocations
 13877 | Lair:2   | Reached skill level 10 in Invocations
 13877 | Lair:2   | Reached XP level 13. HP: 115/124 MP: 20/20
 13885 | Lair:2   | Found a staircase to the Swamp.
 13898 | Lair:2   | Reached skill level 11 in Invocations
 14378 | D:5      | Bought the +2 helmet of Vuc Tac {Str+7 Int-4 Dex+4} for 362
                  | gold pieces
 15196 | Lair:3   | Reached skill level 12 in Invocations
 15496 | Lair:4   | Found a hole to the Spider Nest.
 15508 | Lair:4   | Reached skill level 1 in Evocations
 16775 | Lair:5   | Noticed Sonja
 16781 | Lair:5   | Killed Sonja
 16898 | Lair:5   | Found a viscous altar of Jiyva.
 16899 | Lair:5   | Found a staircase to the Slime Pits.
 17050 | Lair:5   | Reached skill level 13 in Invocations
 17610 | D:11     | Found Paoliqic's Distillery.
 17620 | D:11     | Reached XP level 14. HP: 133/133 MP: 22/24
 17732 | D:11     | Found Withous's Armour Shop.
 17853 | D:11     | Reached skill level 15 in Fighting
 17971 | D:11     | Found Qaollops's Armour Shoppe.
 18154 | D:12     | Found a transporter.
 18179 | D:12     | Found a transporter.
 18192 | D:12     | Noticed Afrar's ghost (journeyman FoFi)
 18300 | D:12     | Reached skill level 5 in Evocations
 18352 | D:12     | Found a staircase to the Orcish Mines.
 18387 | D:12     | Reached ***** piety under Beogh
 18801 | Orc:1    | Entered Level 1 of the Orcish Mines
 18819 | Orc:1    | Gained Margrim as an ally
 19256 | Orc:2    | Entered Level 2 of the Orcish Mines
 19334 | Orc:2    | Reached skill level 14 in Invocations
 19497 | Orc:2    | Found a staircase to the Elven Halls.
 19586 | Orc:2    | Noticed Josephine
 19589 | Orc:2    | Noticed Azrael
 19597 | Orc:2    | Killed Azrael
 19614 | Orc:2    | Killed Josephine
 19628 | Orc:2    | Noticed Erolcha
 19634 | Orc:2    | Killed Erolcha
 19635 | Orc:2    | Noticed Rupert
 19647 | Orc:2    | Noticed an orc warlord
 19650 | Orc:2    | Killed Rupert
 19666 | Orc:2    | Killed an orc warlord
 19861 | Orc:2    | Found Jeybu's Antique Armour Boutique.
 19862 | Orc:2    | Found Rothoem's Antique Weapon Shop.
 19864 | Orc:2    | Found Itoa's General Store.
 19864 | Orc:2    | Found Lanej's Jewellery Boutique.
 20516 | D:13     | Identified the +7 dagger "Funtil" {freeze, Fly SInv}
 20571 | D:13     | Reached skill level 15 in Invocations
 20740 | D:13     | Noticed Jorgrun
 20747 | D:13     | Killed Jorgrun
 20759 | D:13     | Reached XP level 15. HP: 130/144 MP: 26/26
 21418 | D:14     | Found a shadowy altar of Dithmenos.
 21530 | D:14     | Found an opulent altar of Gozag.
 21620 | D:14     | Found a gate to the Vaults.
 21648 | D:14     | Reached skill level 16 in Invocations
 21818 | D:15     | Entered Level 15 of the Dungeon
 21856 | D:15     | Your ally Margrim died
 21860 | D:15     | Gained Korbok as an ally
 22135 | D:15     | Found a glowing silver altar of Zin.
 22146 | D:15     | Reached skill level 17 in Invocations
 22406 | D:15     | Gained Rocco as an ally
 22544 | D:15     | Reached skill level 18 in Invocations
 22567 | D:15     | Found a staircase to the Depths.
 22595 | D:15     | Gained Jorge as an ally
 23043 | D:7      | Bought a +0 broad axe for 44 gold pieces
 23239 | Swamp:1  | Entered Level 1 of the Swamp
 23316 | Swamp:1  | Noticed Louise
 23320 | Swamp:1  | Killed Louise
 23965 | Swamp:2  | Noticed Kirke
 23974 | Swamp:2  | Killed Kirke
 23975 | Swamp:2  | Reached skill level 19 in Invocations
 24045 | Swamp:2  | Gained Horkud as an ally
 24053 | Swamp:2  | Reached XP level 16. HP: 85/151 MP: 29/29
 24155 | Swamp:2  | Your ally Korbok died
 24396 | Swamp:2  | Noticed Mlioglotl
 24402 | Swamp:2  | Killed Mlioglotl
 24827 | Swamp:3  | Reached skill level 20 in Invocations
 25162 | Swamp:3  | Gained Berold as an ally
 25239 | Swamp:3  | Noticed a fenstrider witch
 25242 | Swamp:3  | Killed a fenstrider witch
 25424 | Swamp:4  | Entered Level 4 of the Swamp
 25582 | Swamp:4  | Noticed a thorn hunter
 25637 | Swamp:4  | Killed a thorn hunter
 25642 | Swamp:4  | Reached skill level 21 in Invocations
 25643 | Swamp:4  | Your ally Berold died
 26239 | Elf:1    | Entered Level 1 of the Elven Halls
 26240 | Elf:1    | Paralysed by an air elemental for 1 turns
 26368 | Elf:1    | Paralysed by an air elemental for 1 turns
 26763 | Elf:1    | Gained Beowulf as an ally
 26767 | Elf:1    | Reached skill level 22 in Invocations
 26824 | Elf:1    | Noticed Aizul
 26830 | Elf:1    | Killed Aizul
 27163 | Elf:1    | HP: 7/151 [deep elf zephyrmancer/bolt of lightning (24)]
 27163 | Elf:1    | Your ally Jorge died
 27418 | Elf:2    | Found Gatyol's Neck Hole.
 27484 | Elf:2    | Reached XP level 17. HP: 157/158 MP: 32/32
 27591 | Elf:2    | Reached skill level 23 in Invocations
 27683 | Elf:2    | Found a runed translucent gate.
 27683 | Elf:2    | Found a runed translucent gate.
 27683 | Elf:2    | Found a runed translucent gate.
 27934 | Elf:2    | Gained Orik as an ally
 28304 | Elf:2    | Your ally Orik died
 28307 | Elf:2    | Your ally Horkud died
 28311 | Elf:2    | Your ally Beowulf died
 28412 | Elf:2    | Noticed a deep elf blademaster
 28415 | Elf:2    | Killed a deep elf blademaster
 28619 | Elf:3    | Entered Level 3 of the Elven Halls
 28856 | Elf:3    | Noticed an Ice Fiend
 29179 | Elf:3    | Paralysed by an air elemental for 1 turns
 29436 | Elf:3    | Identified the +7 plate armour "Cenetox" {Int+4}
 29436 | Elf:3    | Noticed a deep elf blademaster
 29436 | Elf:3    | Noticed a deep elf blademaster
 29438 | Elf:3    | Noticed a deep elf blademaster
 29443 | Elf:3    | Identified the ring "Wetemyo" {+Blink rPois Str+6 Int-3
                  | Dex+4}
 31138 | Swamp:4  | Got a decaying rune of Zot
 31712 | Orc:2    | Bought a ring of poison resistance for 320 gold pieces
 32039 | Spider:1 | Entered Level 1 of the Spider Nest
 32295 | Spider:1 | Reached skill level 15 in Armour
 32318 | Lair:4   | Reached skill level 24 in Invocations
 32697 | Spider:1 | Reached XP level 18. HP: 169/169 MP: 34/34
 33159 | Spider:2 | Reached skill level 10 in Evocations
 33170 | Spider:2 | HP: 8/170 [spark wasp/living lightning (8)]
 33172 | Spider:2 | Mangled by a spark wasp

Illustrated notes

Levels and vault maps discovered:
D:1:      ebering_hopf_link, layout_loops_ring,
          hellmonk_ecumenical_altar_blasted, serial_shops,
          nicolae_shop_overgrown_old_shop
D:2:      layout_loops_ring
D:3:      layout_rooms, minmay_misc_feat_alley, uniq_natasha, uniq_grinder
D:4:      layout_loops_ring, minmay_misc_feat_encased, uniq_menkaure
D:5:      layout_basic, serial_shops, shop, nicolae_square_shop, shop, shop,
          shop, kennysheep_path_1, serial_park_tiny_pond
D:6:      layout_basic, kennysheep_little_box, serial_shops, shop, uniq_edmund,
          uniq_sigmund, uniq_crazy_yiuf_cottage
D:7:      layout_loops_ring, minmay_temple_entry_overgrown, serial_shops,
          nicolae_square_shop, amcnicky_mini_rare_corridor_liquid,
          hangedman_abyss_or_decor_passed
D:8:      layout_rooms, erik_lair_dragon, gammafunk_ghost_wrathful_warriors
D:9:      layout_basic, lemuel_crystal_altar
D:10:     layout_irregular_city
D:11:     minmay_angry_zag, layout_rooms, serial_shops, nicolae_take_the_stairs,
          shop, shop_fountains
D:12:     layout_loops_cross, gammafunk_ghost_berserking_beasts, hive_lemuel
D:13:     layout_loops_corners, uniq_jorgrun
D:14:     layout_cross, erik_vaults_1, nicolae_dithmenos_the_darkroom,
          dk_noncrumbling_4, minmay_statues_item, grunt_gozag_statues
D:15:     gammafunk_enter_depths_forms, layout_basic, serial_bayou_pond_e,
          minmay_ruined_shrine
Lair:1:   layout_gridlike, portal_ice_cave_demonic_guard, st_stairs_10,
          guppyfry_lair_drakes
Lair:2:   layout_cave_pods, nicolae_swamp_entry_splash_gauntlet,
          serial_bayou_shore_b
Lair:3:   layout_long_grid, minmay_holes
Lair:4:   layout_layer_cave, spider_nest_entry_rubble,
          infiniplex_staircase_pool_2
Lair:5:   layout_small_grid, slime_altar_1, uniq_sonja
Swamp:1:  layout_basic_swamp, serial_swamp_ruin, evilmike_swamp_ruin_house_2,
          evilmike_swamp_ruin_house_6, evilmike_swamp_ruin_house_4, uniq_louise
Swamp:2:  layout_basic_swamp, hangedman_swamp_lotus, swamp_pool1,
          nicolae_swamp_some_circles, uniq_kirke, uniq_mlioglotl
Swamp:3:  layout_basic_swamp, nicolae_swamp_round_clearing
Swamp:4:  swamp_fiery, layout_basic_swamp, nicolae_swamp_spriggan_camp
Spider:1: layout_spider_delve
Spider:2: layout_chambers, hangedman_spider_tarantella_strand
Orc:1:    layout_caves
Orc:2:    st_orc_congregation, layout_diamond_mine, uniq_erolcha, uniq_azrael,
          uniq_rupert, uniq_josephine
Elf:1:    minmay_elf_arrival_circle, layout_loops_cross,
          kennysheep_underground_church, uniq_aizul
Elf:2:    nicolae_elf_blades_splatter_lattice [nicolae_blade_tridents],
          layout_geoelf_diagonals, nicolae_shop_sticking_my_neck_out
Elf:3:    minmay_elf_hall_not_hex, layout_geoelf_octagon

Skill      XL: |  1  2  3  4  5  6  7  8  9 10 11 12 13 14 15 16 17 18 |
---------------+-------------------------------------------------------+-----
Axes           | 3 7 8 11 13 16 17 18 | 18.0
Fighting       | 4 5 9 12 14 16 17 | 17.3
Armour         | 4 5 8 11 12 14 15 | 15.2
Shields        | 4 |  4.0
Dodging        | 2 |  2.0
Invocations    | 10 13 15 19 22 24 | 24.2
Evocations     | 4 7 8 9 10 | 10.0

Action                   |  1- 3 |  4- 6 |  7- 9 | 10-12 | 13-15 | 16-18 || total
-------------------------+-------+-------+-------+-------+-------+-------++-------
Melee: War axe           |    95 |    56 |   185 |   550 |   825 |       ||  1711
       Long sword        |       |    43 |    38 |       |       |       ||    81
       Broad axe         |       |       |       |       |   104 |   718 ||   822
Throw: Javelin           |       |       |     2 |       |       |       ||     2
Invok: Convert to Beogh  |       |       |     1 |       |       |       ||     1
       Smiting           |       |       |       |       |    26 |    29 ||    55
       Recall Orcish Fol |       |       |       |       |     6 |    14 ||    20
       Stop Recall       |       |       |       |       |     6 |     2 ||     8
       Give Item to Name |       |       |       |       |     1 |     1 ||     2
  Use: Potion            |       |     2 |       |     2 |     1 |    17 ||    22
       Scroll            |       |       |     8 |     2 |    12 |    13 ||    35
 Stab: Distracted        |       |       |       |       |     7 |     5 ||    12
       Paralysed         |       |       |       |       |     3 |       ||     3
       Fleeing           |       |       |       |       |       |     1 ||     1
Armor: Scale mail        |    68 |    54 |    77 |    72 |       |       ||   271
       Plate armour      |       |       |       |   185 |   599 |   682 ||  1466
Dodge: Dodged            |    60 |    55 |    96 |   143 |   312 |   285 ||   951
Block: Buckler           |    26 |    17 |    40 |    83 |   170 |   185 ||   521
